 Dungeon Crawl Stone Soup version 0.22-a0-445-g8c8ef71 (webtiles) character file.

11857 raistware the Thaumaturge (level 11, -13/68 HPs)
             Began as a Mummy Wizard on June 2, 2018.
             Was an Elder of Sif Muna.
             Hit by a javelin thrown by a minotaur (22 damage)
             ... in a labyrinth.
             The game lasted 01:31:04 (20543 turns).

raistware the Thaumaturge (Mummy Wizard)           Turns: 20543, Time: 01:31:05

Health: -13/68     AC:  6    Str: 11    XL:     11   Next: 54%
Magic:  22/27      EV: 12    Int: 20    God:    Sif Muna [****..]
Gold:   748        SH:  0    Dex: 11    Spells: 9/34 levels left

rFire    . . .     SeeInvis .   t - +1 short sword (speed)
rCold    + . .     Gourm    .   (no shield)
rNeg     + + +     Faith    .   a - +2 robe {rF+}
rPois    ∞         Spirit   .   b - +0 hat
rElec    .         Reflect  .   c - +0 cloak
rCorr    .         Harm     .   (no gloves)
MR       +....                  x - +0 pair of boots
Stlth    ++........             o - amulet of magic regeneration
HPRegen  0.21/turn              (no ring)
MPRegen  0.45/turn              (no ring)

@: no status effects
A: no food or potions, fire vulnerability, cold resistance 1, negative energy
resistance 3, torment resistance, unbreathing
a: Divine Energy, Channel Magic, Forget Spell, Renounce Religion


You were in a labyrinth.
You worshipped Sif Muna.
Sif Muna was greatly pleased with you.
You were not hungry.

You visited 1 branch of the dungeon, and saw 12 of its levels.
You also visited: Labyrinth and Sewer.

You collected 748 gold pieces.

Inventory:

Hand Weapons
 m - a +0 blowgun
 t - a +1 short sword of speed (weapon)
 w - a +1 falchion of flaming
 y - a +0 hunting sling
Missiles
 f - 53 poisoned needles
 z - 21 sling bullets
Armour
 a - a +2 robe of fire resistance (worn)
 b - a +0 hat (worn)
 c - a +0 cloak (worn)
 l - the +3 leather armour of Parlour Games {rCorr}
   (You found it on level 4 of the Dungeon)

   It protects you from acid and corrosion.
 u - the +1 hat of Dithmenos's Fury {rF+ Str+8 Int-3}
   (You found it on level 6 of the Dungeon)

   It affects your strength (+8).
   It affects your intelligence (-3).
   It protects you from fire.
 x - a +0 pair of boots (worn)
Jewellery
 i - an uncursed amulet of the acrobat
 j - an uncursed amulet of harm {unknown}
 o - an amulet of magic regeneration (around neck)
Wands
 n - a wand of enslavement (1)
 s - a wand of random effects (17)
 v - a wand of flame (20)
 C - a wand of acid (23)
Scrolls
 d - a scroll of fog
 e - 7 scrolls of identify
 g - 6 scrolls of teleportation
 h - 3 scrolls of amnesia
 k - 2 scrolls of noise
 q - a scroll of remove curse
 r - 2 scrolls of enchant armour
Miscellaneous
 B - a phial of floods


   Skills:
 - Level 2.0 Dodging
 - Level 2.0 Stealth
 - Level 12.0 Spellcasting
 * Level 9.4 Conjurations
 - Level 1.0 Hexes
 - Level 2.0 Summonings
 - Level 1.0 Translocations
 + Level 7.7 Fire Magic
 + Level 3.5 Ice Magic
 - Level 1.0 Air Magic
 - Level 1.0 Earth Magic
 - Level 1.0 Poison Magic


You had 9 spell levels left.
You knew the following spells:

 Your Spells              Type           Power        Failure   Level  Hunger
a - Magic Dart            Conj           ####         1%          1    N/A
b - Blink                 Tloc           N/A          5%          2    N/A
d - Conjure Flame         Conj/Fire      #####...     1%          3    N/A
e - Mephitic Cloud        Conj/Pois/Air  ####....     3%          3    N/A
f - Slow                  Hex            ###.....     5%          2    N/A
g - Stone Arrow           Conj/Erth      ####..       1%          3    N/A
h - Summon Ice Beast      Ice/Summ       ###.....     19%         4    N/A
i - Summon Lightning Spi  Summ/Air       ###.....     30%         4    N/A
j - Confuse               Hex            ###.....     11%         3    N/A

Your spell library contained the following spells:

 Spells                   Type           Power        Failure   Level  Hunger
 Cause Fear               Hex            ###.......   36%         4    N/A
 Summon Small Mammal      Summ           ###.         2%          1    N/A
 Call Imp                 Summ           ###.....     3%          2    N/A
 Iron Shot                Conj/Erth      ####......   71%         6    N/A
 Recall                   Summ/Tloc      N/A          9%          3    N/A
 Deflect Missiles         Chrm/Air       ##........   100%        6    N/A
 Confusing Touch          Hex            ###...       3%          1    N/A
 Passwall                 Tmut/Erth      ##......     7%          2    N/A
 Call Canine Familiar     Summ           ###.....     8%          3    N/A
 Silence                  Hex/Air        ###.......   71%         5    N/A
 Corona                   Hex            ###....      3%          1    N/A
 Lee's Rapid Deconstruct  Erth           ###.......   71%         5    N/A
 Sandblast                Erth           ###...       3%          1    N/A
 Petrify                  Tmut/Erth      ##......     41%         4    N/A
 Fulminant Prism          Conj/Hex       ####......   7%          4    N/A
 Discord                  Hex            ###.......   100%        8    N/A
 Summon Guardian Golem    Hex/Summ       ###.....     9%          3    N/A
 Yara's Violent Unravell  Hex/Tmut       ##........   77%         5    N/A

Dungeon Overview and Level Annotations

Branches:
Dungeon (12/15)            Temple (0/1) D:7            Lair (0/6) D:10
    Orc (0/2) D:9

Altars:
Ashenzari
Cheibriados
Hepliaklqana
Makhleb
Nemelex Xobeh
Sif Muna
Xom
Yredelemnul
Zin
The Shining One
Beogh

Shops:
D:5 %   D:9 [


Innate Abilities, Weirdness & Mutations

You do not eat or drink.
Your flesh is vulnerable to fire.
You are immune to poison.
Your flesh is cold resistant. (rC+)
You are immune to negative energy. (rN+++)
You are immune to unholy pain and torment.
You can survive without breathing.


Message History

You see here a javelin.
Casting: Summon Lightning Spire (slightly dangerous; 30% risk of failure)
Confirm with . or Enter, or press ? or * to list all spells.
A chill wind blows around you.
You swap places.
Casting: Summon Ice Beast (safe; 19% risk of failure)
Confirm with . or Enter, or press ? or * to list all spells.
Aiming: Summon Lightning Spire (slightly dangerous; 30% risk of failure)
Press: ? - help, Dir - move target cursor An electric hum fills the air.
What are your orders? t - Shout!
Orders for allies: a - Attack new target. r - Retreat! s - Stop attacking. g - Guard the area. f - Follow me.
Anything else - Cancel.
Guard this area!
The minotaur throws a javelin.
The javelin barely misses your ice beast.
The javelin hits you!!
You die...

### #.#
##.#. . ##
#..H ...(.#
#<#
####(#####
#.......#
#H####### #
# #...Y8#
#.# #####@#.
###.# #
#...#...#
#... . #
#.###.## .
## # #..
....#.....#.
. . #.##
##.#####.# #
### #.... ..
... ...#
###.#. ## #
#.# #.. # #
# ##### #.#
#


You could see a minotaur, a friendly ice beast and a friendly lightning spire
(unaware).

Vanquished Creatures
  3 hydras
  A two-headed ogre (D:10)
  Pikel (D:8)
  Joseph (D:8)
  2 dream sheep (D:8)
  Grinder (D:6)
  Sigmund (D:6)
  A shadow (Lab)
  5 yaks
  2 wyverns
  Eustachio (D:5)
  4 hungry ghosts
  A soldier ant (D:11)
  Duvessa (D:5)
  4 ice beasts
  3 sky beasts
  A necrophage (D:11)
  6 orc warriors
  A slave (D:8)
  A phantom (D:6)
  2 ogres (D:8)
  A centaur (D:9)
  6 big kobolds
  2 bullfrogs
  Dowan (D:5)
  3 water moccasin skeletons
  A water moccasin zombie (D:6)
  4 scorpions
  5 killer bees (D:7)
  A wight (D:11)
  7 howler monkeys
  8 crimson imps
  A quasit (D:8)
  7 hounds
  7 orc priests
  3 jellies
  2 centaur skeletons
  Crazy Yiuf (D:6)
  15 orc wizards
  4 iguanas
  5 worker ants
  A worker ant zombie (D:5)
  6 gnolls
  3 river rats
  19 adders
  2 shadow imps
  An ooze (D:4)
  2 adder skeletons
  An adder zombie (D:5)
  7 worms
  8 leopard geckos
  59 orcs
  7 bats
  6 giant cockroaches
  5 goblins
  6 hobgoblins
  10 jackals
  4 quokkas
  12 frilled lizards
  A giant cockroach zombie (D:5)
  16 kobolds
  A leopard gecko skeleton (D:4)
  6 rats
  A plant (D:10)
311 creatures vanquished.

Vanquished Creatures (collateral kills)
  A cyclops (D:11)
  3 hungry ghosts (Lab)
  A black bear (D:10)
  An orc warrior (D:11)
  An ice beast (D:10)
  2 centaurs
  A crocodile (D:10)
  A big kobold (D:9)
  A scorpion (D:10)
  A killer bee (D:7)
  11 wights
  A hound (D:9)
  A jelly (D:10)
  3 orc priests
  An iguana (D:7)
  5 orc wizards (D:10)
  An adder (D:10)
  A gnoll (D:10)
  A river rat (D:4)
  2 shadow imps
  2 worms (D:4)
  13 orcs
  A giant cockroach (D:3)
  A goblin (D:1)
  A hobgoblin (D:1)
  A frilled lizard (D:1)
  7 kobolds
  3 rats
  11 plants (D:10)
80 creatures vanquished.

Vanquished Creatures (others)
  Menkaure (D:7)
  3 slaves (D:8)
  4 gnolls (D:8)
  A plant (D:8)
9 creatures vanquished.

Grand Total: 400 creatures vanquished

Notes
Turn   | Place    | Note
-------+----------+-------------------------------------------
     0 | D:1      | raistware the Mummy Wizard began the quest for the Orb.
     0 | D:1      | Reached XP level 1. HP: 13/13 MP: 5/5
    32 | D:1      | Reached skill level 1 in Conjurations
   493 | D:1      | Reached XP level 2. HP: 19/19 MP: 0/7
   497 | D:1      | Learned a level 2 spell: Blink
   563 | D:1      | Learned a level 2 spell: Call Imp
  1093 | D:2      | Reached XP level 3. HP: 20/24 MP: 3/8
  1098 | D:2      | Learned a level 3 spell: Conjure Flame
  1458 | D:2      | Reached XP level 4. HP: 6/30 MP: 0/10
  2086 | D:3      | Learned a level 3 spell: Mephitic Cloud
  2187 | D:3      | Reached skill level 1 in Translocations
  2470 | D:3      | Reached XP level 5. HP: 35/35 MP: 4/12
  2476 | D:3      | Learned a level 2 spell: Slow
  2665 | D:3      | Reached skill level 1 in Summonings
  3282 | D:4      | Got a brightly glowing leather armour
  3373 | D:4      | Reached skill level 5 in Spellcasting
  3407 | D:4      | Reached skill level 1 in Fire Magic
  3416 | D:4      | Found a glowing drain.
  3494 | Sewer    | Entered a sewer
  3682 | Sewer    | Reached XP level 6. HP: 34/41 MP: 1/14
  3779 | Sewer    | Found a white marble altar of Elyvilon.
  3825 | Sewer    | Identified the +3 leather armour of Parlour Games {rCorr} (You found it on level 4 of the Dungeon)
  3899 | D:4      | Reached skill level 1 in Hexes
  3903 | D:4      | Reached skill level 1 in Poison Magic
  4064 | D:4      | Reached skill level 1 in Air Magic
  4081 | D:4      | Found a snail-covered altar of Cheibriados.
  4388 | D:4      | Found a burning altar of Makhleb.
  4729 | D:4      | Found a basalt altar of Yredelemnul.
  4877 | D:5      | Entered Level 5 of the Dungeon
  4902 | D:5      | Reached skill level 6 in Spellcasting
  5233 | D:5      | Noticed Eustachio
  5364 | D:5      | Noticed Duvessa
  5364 | D:5      | Noticed Dowan
  5393 | D:5      | Killed Duvessa
  5393 | D:5      | Reached XP level 7. HP: 46/46 MP: 3/17
  5491 | D:5      | Killed Dowan
  5524 | D:5      | Found a shattered altar of Ashenzari.
  5575 | D:5      | Reached skill level 7 in Spellcasting
  6177 | D:5      | Killed Eustachio
  6232 | D:5      | Found a deep blue altar of Sif Muna.
  6241 | D:5      | Became a worshipper of Sif Muna the Loreminder
  6403 | D:5      | Found Wetzahoff's Food Boutique.
  6610 | D:5      | Found a glowing silver altar of Zin.
  6719 | D:6      | Reached skill level 8 in Spellcasting
  6917 | D:6      | Reached XP level 8. HP: 42/52 MP: 16/20
  7166 | D:6      | Reached * piety under Sif Muna
  7287 | D:6      | Found a runed door.
  7305 | D:6      | Noticed Grinder
  7352 | D:6      | Paralysed by Grinder for 3 turns
  7360 | D:6      | Paralysed by Grinder for 6 turns
  7367 | D:6      | Killed Grinder
  7367 | D:6      | Reached skill level 9 in Spellcasting
  7462 | D:6      | Noticed Crazy Yiuf
  7469 | D:6      | Killed Crazy Yiuf
  7957 | D:6      | Got a pitted hat
  7968 | D:6      | Identified the +1 hat of Dithmenos's Fury {rF+ Str+8 Int-3} (You found it on level 6 of the Dungeon)
  7984 | D:6      | Found a shimmering altar of Xom.
  7984 | D:6      | Found a shimmering altar of Xom.
  7990 | D:6      | Noticed Sigmund
  8028 | D:6      | Killed Sigmund
  8028 | D:6      | Reached ** piety under Sif Muna
  8072 | D:6      | Found a shimmering altar of Xom.
  8167 | D:7      | Reached skill level 10 in Spellcasting
  8167 | D:7      | Reached skill level 5 in Conjurations
  8174 | D:7      | Noticed Menkaure
  8178 | D:7      | Reached XP level 9. HP: 37/57 MP: 8/23
  8434 | D:7      | Your ally died
  8940 | D:7      | Found a staircase to the Ecumenical Temple.
  9166 | D:7      | Reached skill level 11 in Spellcasting
  9268 | D:7      | Reached *** piety under Sif Muna
  9270 | D:7      | Reached skill level 5 in Fire Magic
  9615 | D:8      | Noticed Pikel
  9634 | D:8      | Killed Pikel
  9994 | D:8      | Reached skill level 12 in Spellcasting
  9994 | D:8      | Reached XP level 10. HP: 55/63 MP: 4/26
 10138 | D:8      | Reached **** piety under Sif Muna
 10493 | D:8      | Noticed a three-headed hydra
 10502 | D:8      | Killed a three-headed hydra
 10819 | D:8      | Found a glowing golden altar of the Shining One.
 10870 | D:8      | Noticed Joseph
 10892 | D:8      | Killed Joseph
 10995 | D:8      | Reached ***** piety under Sif Muna
 11192 | D:8      | Found a roughly hewn altar of Beogh.
 11211 | D:8      | Identified Sif Muna's Guide on Creation and Orientation (Sif Muna gifted it to you on level 8 of the Dungeon)
 11211 | D:8      | Received a gift from Sif Muna
 11217 | D:8      | Learned a level 3 spell: Stone Arrow
 11722 | D:9      | Found a hazy altar of Hepliaklqana.
 11798 | D:9      | Learned a level 4 spell: Summon Ice Beast
 11803 | D:9      | Learned a level 4 spell: Summon Lightning Spire
 11886 | D:9      | Reached skill level 1 in Earth Magic
 11896 | D:9      | Found a staircase to the Orcish Mines.
 11896 | D:9      | Found Maxkus's Armour Boutique.
 12169 | D:9      | Found a sparkling altar of Nemelex Xobeh.
 12518 | D:10     | Entered Level 10 of the Dungeon
 12806 | D:10     | Found a staircase to the Lair.
 13169 | D:10     | Noticed a two-headed ogre
 13171 | D:10     | Reached XP level 11. HP: 68/68 MP: 21/27
 13310 | D:10     | Killed a two-headed ogre
 13310 | D:10     | Reached skill level 1 in Ice Magic
 14480 | D:11     | Identified Sif Muna's Catalogue of Dusty Bewitchment (Sif Muna gifted it to you on level 11 of the Dungeon)
 14480 | D:11     | Received a gift from Sif Muna
 14485 | D:11     | Noticed an eight-headed hydra
 14486 | D:11     | Learned a level 3 spell: Confuse
 14501 | D:11     | Noticed a cyan ugly thing
 14763 | D:11     | Killed an eight-headed hydra
 15581 | D:12     | Noticed a centaur warrior
 15723 | D:12     | Found a labyrinth entrance.
 15725 | D:12     | Noticed an eight-headed hydra
 15736 | D:12     | Killed an eight-headed hydra
 15749 | Lab      | Entered a labyrinth
 20531 | Lab      | Noticed a minotaur
 20543 | Lab      | Hit by a javelin thrown by a minotaur

Vault maps used:
D:1:      nicolae_arrival_somewhat_less_tricky_arrival, serial_bayou_lagoon_a
D:3:      first_ration
D:4:      yredelemnul_altar_generic, old_standard_altar,
          lightli_sewer_entry_pipes, hangedman_decor_peaks_small,
          grunt_decor_cap, bloody_makhleb
D:5:      kennysheep_mini, old_standard_altar, serial_shops, shop,
          nicolae_ashenzari_panopticon, uniq_eustachio, uniq_duvessa
D:6:      xom_redecorated, uniq_crazy_yiuf_cottage, uniq_grinder, uniq_sigmund
D:7:      minmay_temple_entry_large_hall, uniq_menkaure
D:8:      lemuel_round_altar, special_room, hangedman_ranch, uniq_joseph,
          uniq_pikel
D:9:      lemuel_round_altar, lemuel_round_altar, orc_david_3
D:10:     dpeg_oklobed_lair, minivault_27
D:12:     lab_entry_generic, minmay_fountain_box, nooodl_orcs_dogs
Lab:      nicolae_lab_arrow, labyrinth_lava_lair, nicolae_lab_starburst,
          lab_statue
Sewer:    sewer_kobolds

Skill      XL: |  1  2  3  4  5  6  7  8  9 10 11 |
---------------+----------------------------------+-----
Conjurations   | 1 2 3 4 5 6 8 9 |  9.4
Translocations | 1 |  1.0
Dodging        | 2 |  2.0
Stealth        | 2 |  2.0
Summonings     | 1 2 |  2.0
Spellcasting   | 5 6 8 10 12 | 12.0
Fire Magic     | 1 2 3 4 5 7 |  7.7
Hexes          | 1 |  1.0
Poison Magic   | 1 |  1.0
Air Magic      | 1 |  1.0
Earth Magic    | 1 |  1.0
Ice Magic      | 3 |  3.5

Action                   |  1- 3 |  4- 6 |  7- 9 | 10-12 || total
-------------------------+-------+-------+-------+-------++-------
Melee: Short sword       |    27 |    49 |   125 |   255 ||   456
 Fire: Blowgun           |       |    64 |    13 |       ||    77
 Cast: Magic Dart        |    64 |   230 |   304 |   268 ||   866
       Call Imp          |     2 |    12 |     2 |       ||    16
       Mephitic Cloud    |       |     5 |    54 |    36 ||    95
       Slow              |       |     3 |       |     2 ||     5
       Conjure Flame     |       |     9 |    53 |    71 ||   133
       Summon Ice Beast  |       |       |       |    43 ||    43
       Summon Lightning  |       |       |       |    31 ||    31
       Stone Arrow       |       |       |       |    10 ||    10
       Blink             |       |       |       |     4 ||     4
Evoke: Wand              |       |       |    18 |     2 ||    20
  Use: Scroll            |       |       |       |    11 ||    11
 Stab: Confused          |       |     2 |     6 |     2 ||    10
       Sleeping          |       |     2 |     3 |       ||     5
Armor: Robe              |     3 |    12 |    30 |    37 ||    82
Dodge: Dodged            |    38 |    80 |    95 |   109 ||   322

Table legend:
 A = Spawn XP
 B = Non-spawn XP
 C = Spawn XP percentage of total XP
 D = Spawn monster count
 E = Non-spawn monster count
 F = Spawn count percentage of total count
 G = Total turns spent on level
                    A         B        C        D         E        F      G
               +---------+---------+-------+---------+---------+-------+---------
         Total |       0 |   16939 |   0.0 |       0 |     381 |   0.0 | 20543
               +---------+---------+-------+---------+---------+-------+---------
           D:1 |       0 |      32 |   0.0 |       0 |      22 |   0.0 |  1023
           D:2 |       0 |      92 |   0.0 |       0 |      15 |   0.0 |  1058
           D:3 |       0 |      91 |   0.0 |       0 |      24 |   0.0 |  1195
           D:4 |       0 |     239 |   0.0 |       0 |      35 |   0.0 |  1451
           D:5 |       0 |     831 |   0.0 |       0 |      29 |   0.0 |  1989
           D:6 |       0 |    1654 |   0.0 |       0 |      31 |   0.0 |  1661
           D:7 |       0 |    1456 |   0.0 |       0 |      41 |   0.0 |  1141
           D:8 |       0 |    4985 |   0.0 |       0 |      57 |   0.0 |  1695
           D:9 |       0 |     721 |   0.0 |       0 |      25 |   0.0 |   963
          D:10 |       0 |    2405 |   0.0 |       0 |      61 |   0.0 |  2166
          D:11 |       0 |    2439 |   0.0 |       0 |      22 |   0.0 |   976
          D:12 |       0 |     849 |   0.0 |       0 |       1 |   0.0 |    89
           Lab |       0 |    1025 |   0.0 |       0 |       7 |   0.0 |  4794
         Sewer |       0 |     120 |   0.0 |       0 |      11 |   0.0 |   342
               +---------+---------+-------+---------+---------+-------+---------
